 Dungeon Crawl Stone Soup version 0.31-a0-455-g1a7b003ef0 (webtiles) character file.

Game seed: 16779909780725641648

498 ytrimaz the Ruffian (level 6, -10/43 HPs)
             Began as a Demonspawn Shapeshifter on Aug 4, 2023.
             Killed from afar by Maggie (21 damage)
             ... with a bolt of fire
             ... on level 6 of the Dungeon.
             The game lasted 00:03:48 (4472 turns).

ytrimaz the Ruffian (Demonspawn Shapeshifter)       Turns: 4472, Time: 00:03:50

Health: -10/43     AC:  4    Str: 17 (18) XL:     6   Next: 94%
Magic:  6/6        EV: 12    Int:  7 (9)  God:
Gold:   306        SH:  0    Dex: 12 (13) Spells: 5/5 levels left

rFire   . .          .
                       - Unarmed
rCold   . . .        (no shield)
rNeg    . . .        a - +0 animal skin
rPois   .            (helmet currently unavailable)
rElec   .            (cloak currently unavailable)
rCorr   .            (gloves currently unavailable)
SInv    .            (boots currently unavailable)
Will    .....        (no amulet)
Stlth   +            n - ring of flight
HPRegen 0.27/turn    (no ring)
MPRegen 0.10/turn

%: no passive effects
@: brilliant, beast-form, on berserk cooldown, flying, mesmerised, slowed, very
slow
A: beast (slay +3), horns 1, icy blue scales 1, spiny 1, condensation shield
a: Begin Untransformation


You were on level 6 of the Dungeon.
You were a hulking beast.
You visited 1 branch of the dungeon, and saw 6 of its levels.

You collected 306 gold pieces.


Innate Abilities, Weirdness & Mutations

You are a hulking beast.
Your limbs bulge with bestial killing power. (Slay +3)
You have a pair of small horns on your head.
You are partially covered in icy blue scales. (AC +2)
You are partially covered in sharp spines.
A meltable shield of frost defends you. (SH +0)


   Skills:
 - Level 1.0 Fighting
 - Level 1.7 Dodging
 + Level 5.4 Unarmed Combat
 + Level 4.7 Shapeshifting


You had 5 spell levels left.
You didn't know any spells.
Your spell library contained the following spells:

 Spells                   Type           Power      Damage    Failure   Level
 Call Canine Familiar     Summ           0%         N/A       80%         3
 Portal Projectile        Hex/Tloc       0%         N/A       80%         3
 Leda's Liquefaction      Hex/Erth       0%         N/A       99%         4
 Malign Gateway           Summ/Tloc      0%         N/A       100%        7
 Summon Horrible Things   Summ           0%         N/A       100%        8

Inventory:

Armour
 a - a +0 animal skin (worn)
 l - a +0 buckler
   (You found it on level 3 of the Dungeon)
Jewellery
 n - a ring of flight (left hand)
   (You found it on level 4 of the Dungeon)
Talismans
 c - a beast talisman (active)
Wands
 i - a wand of paralysis (4)
   (You found it on level 3 of the Dungeon)
Scrolls
 f - 2 scrolls of amnesia
 j - a scroll of fear
 k - 2 scrolls of teleportation
Potions
 e - 3 potions of enlightenment

Dungeon Overview and Level Annotations

Branches:
Dungeon (5/15) Zot: 26656
 Temple: D:4-7

Altars:

Annotations:
D:4 2 transporters, hgbash's ghost, amateur SpSh
D:6 Maggie

#......#..## #......#...
#.@....#..# #.....$#..#
##..+ ### #......#..#
#...#######.. #......+..+
#...#........ #......##'##
...#........
#........@.##+##..#........
#.........h....#..#......##
#..|...........#..#......#.
#..............#..)......'.
#..............#'##......##
#.....######...............
#.....+ #...............
#.....# #.....>.........
#.....# #[......###'##..
#.....# #########....###


You could see Maggie (mesmerising).


Message History

You kill the centaur!
Unknown command.
There is an open door, spattered with blood here.
You see here a +0 shortbow.
You reach down and open the door.
There is an open door here.
An adder comes into view. 😎 HP[+1]
Your hp is fully restored (43).
An adder is nearby!
An adder is nearby!
The adder hisses angrily.
The adder is struck by your spines. The adder closely misses you.
You hit the adder.
You headbutt the adder, but do no damage.
You punch the adder. The adder is struck by your spines.
You kill the adder!
No target in view!
No target in view!
No target in view!
No target in view!
No target in view!
No target in view!
No target in view!
No target in view!
No target in view!
b - a fizzy white potion You see here the staff "Sien" {rPois rF+ Will+ Int+2 Poison}.
Maggie the Vainglorious comes into view.
She is wielding a +1 scimitar of flaming.
Maggie shouts!
You reach down and open the door.
Maggie mumbles some strange words.
Maggie attempts to bespell you! You resist with some effort.
There is an open door here.
It was a potion of brilliance.
You feel clever all of a sudden.
It was a potion of degeneration.
There was something very wrong with that liquid.
You feel weakened.
You feel dopey.
You feel clumsy.
It was a potion of curing.
You feel better.
It was a potion of ambrosia.
You are confused.
You feel invigorated.
Unknown command.
It was a potion of heal wounds.
You feel much better.
Unknown command.
It was a potion of berserk rage.
A red film seems to cover your vision as you go berserk!
You feel yourself moving faster!
You feel mighty! 😎 HP[+21]
You now have 64 max hp (+21).
Your hp is fully restored (64).
Unknown command.
You feel a strong urge to attack something.
There is an open door here.
You bump into the rock wall.
You feel your anger nearly subside.
Maggie gestures wildly while chanting.
Unknown command.
You completely miss Maggie.
Maggie hits you with a +1 scimitar of flaming!!
Your condensation shield dissipates!
Maggie burns you. 😮 HP[-24]
You take 24 damage, and now have 40/64 hp.
MASSIVE DAMAGE!! (PAUSE) 😮 HP[+3]
You regained 3 hp, and now have 43/64 hp.
You feel a strong urge to attack something.
You are no longer berserk.
You are exhausted.
You feel yourself slow down. Maggie barely misses you. 😮 HP[-13]
You now have 43 max hp (-21).
You punch Maggie! Your headbutt misses Maggie. Your punch misses Maggie.
You feel less invigorated.
You feel less confused.
Maggie mumbles some strange words.
Maggie attempts to bespell you!
You are mesmerised by Maggie! 😕 HP[+5]
You regained 5 hp, and now have 35/43 hp.
You hit Maggie. Maggie barely misses you. Maggie closely misses you.
You hit Maggie but do no damage.
Maggie hits you with a +1 scimitar of flaming!
Maggie burns you.
* * * LOW HITPOINT WARNING * * *
😨 HP[-16]
You take 16 damage, and now have 19/43 hp.
MASSIVE DAMAGE!! (PAUSE)
You punch Maggie! Maggie closely misses you. 😨 HP[+1]
You hit Maggie. Maggie is struck by your spines.
Maggie hits you with a +1 scimitar of flaming!
* * * LOW HITPOINT WARNING * * *
Maggie burns you.
* * * LOW HITPOINT WARNING * * *
Maggie gestures at you while chanting. The bolt of fire hits you!!
You die...

Skill      XL: |  1  2  3  4  5  6 |
---------------+-------------------+-----
Unarmed Combat | 3 4 5 |  5.4
Shapeshifting  | 3 4 |  4.7
Fighting       | |  1.0
Dodging        | |  1.7

Action                     |  1- 3 |  4- 6 || total
---------------------------+-------+-------++-------
  Melee: Unarmed           |    56 |   158 ||   214
         Punch             |     2 |     7 ||     9
         Headbutt          |       |     6 ||     6
    Use: Scroll            |     2 |     2 ||     4
         Potion            |       |     7 ||     7
   Stab: Sleeping          |       |     1 ||     1
 Armour: Animal skin       |     5 |    24 ||    29
         Skin              |       |     1 ||     1
  Dodge: Dodged            |    28 |    56 ||    84
  Block: Other             |     8 |    20 ||    28

Levels and vault maps discovered:
D:1:      nagdon_arrival_double_spiral, layout_basic, minmay_crystal_water
D:2:      layout_basic, shapermc_ecumenical_altar_mp_highgroup,
          serial_park_tiny_pond, uniq_jessica
D:3:      layout_loops_corners, minmay_starry_boxes
D:4:      layout_layer_cave, gammafunk_ghost_stat_death
D:5:      gammafunk_wand_slinger, layout_loops_ring, uniq_duvessa
D:6:      layout_gridville, minmay_temple_entry_junction, uniq_maggie

Notes
Turn   | Place    | Note
-------+----------+-------------------------------------------
     0 | D:1      | ytrimaz the Demonspawn Shapeshifter began the quest for the
                  | Orb.
     0 | D:1      | Reached XP level 1. HP: 15/15 MP: 1/1
     0 | D:1      | magus.rc [v1.9.6]
   639 | D:2      | Reached skill level 3 in Unarmed Combat
   664 | D:2      | Gained mutation: A meltable shield of frost defends you.
                  | (SH +0) [demonic ancestry]
   664 | D:2      | Reached XP level 2. HP: 21/21 MP: 2/2
   715 | D:2      | You add the spells Malign Gateway and Summon Horrible
                  | Things to your library.
   735 | D:2      | Reached skill level 3 in Shapeshifting
   805 | D:2      | Noticed Jessica
   820 | D:2      | HP: 4/21 [adder (4)]
   828 | D:2      | Gained mutation: You are partially covered in sharp spines.
                  | [demonic ancestry]
   828 | D:2      | Reached XP level 3. HP: 7/26 MP: 3/3
   834 | D:2      | HP: 5/26 [Jessica/+0 dagger (3)]
   837 | D:2      | Killed Jessica
  1090 | D:2      | You pick up a book of the Hunter and begin reading...
  1090 | D:2      | You add the spells Call Canine Familiar, Portal Projectile
                  | and Leda's Liquefaction to your library.
  1160 | D:2      | Gained mutation: You are partially covered in icy blue
                  | scales. (AC +2) [demonic ancestry]
  1160 | D:2      | Reached XP level 4. HP: 26/32 MP: 4/4
  1581 | D:2      | Found a faded altar of an unknown god.
  1831 | D:3      | Reached skill level 4 in Unarmed Combat
  1903 | D:3      | Reached XP level 5. HP: 37/37 MP: 5/5
  2245 | D:3      | Reached skill level 4 in Shapeshifting
  2903 | D:4      | Found a transporter.
  2921 | D:4      | Noticed hgbash's ghost (amateur SpSh)
  3479 | D:4      | Found a transporter.
  3499 | D:4      | HP: 7/37 [orc priest/divine providence (10)]
  3502 | D:4      | Gained mutation: You have a pair of small horns on your
                  | head. [demonic ancestry]
  3502 | D:4      | Reached XP level 6. HP: 10/43 MP: 6/6
  4124 | D:5      | Entered Level 5 of the Dungeon
  4127 | D:5      | You are sucked into a shaft and drop 1 floor!
  4178 | D:6      | Noticed a sky beast
  4191 | D:6      | HP: 10/43 [sky beast (2)]
  4192 | D:6      | Killed a sky beast
  4193 | D:6      | Reached skill level 5 in Unarmed Combat
  4445 | D:6      | Identified the staff "Sien" {rPois rF+ Will+ Int+2 Poison}
  4449 | D:6      | Noticed Maggie
  4472 | D:6      | Killed from afar by Maggie

Vanquished Creatures
  A sky beast (D:6)
  A centaur (D:6)
  An orc priest (D:4)
  A sleepcap (D:6)
  Jessica (D:2)
  An iguana (D:4)
  An orc wizard (D:3)
  6 adders
  4 gnolls (D:3)
  4 worms
  10 orcs
  12 endoplasms
  3 giant cockroaches
  6 goblins
  7 hobgoblins
  A quokka (D:2)
  9 ball pythons
  3 bats
  6 kobolds
  7 rats
85 creatures vanquished.

Table legend:
 A = Non-vault XP
 B = Vault XP
 C = Vault XP percentage of total XP
 D = Non-vault monster count
 E = Vault monster count
 F = Vault count percentage of total count
                 A         B        C        D         E       F
            +---------+---------+-------+---------+---------+-------
      Total |     658 |      54 |   7.6 |      79 |       6 |   7.1
            +---------+---------+-------+---------+---------+-------
        D:1 |       9 |       0 |   0.0 |       6 |       0 |   0.0
        D:2 |      81 |      37 |  31.4 |      26 |       1 |   3.7
        D:3 |     151 |      17 |  10.1 |      23 |       5 |  17.9
        D:4 |     118 |       0 |   0.0 |      19 |       0 |   0.0
        D:6 |     299 |       0 |   0.0 |       5 |       0 |   0.0
            +---------+---------+-------+---------+---------+-------

Skill      XL: |  1  2  3  4  5  6 |
---------------+-------------------+-----
Unarmed Combat | 3 4 5 |  5.4
Shapeshifting  | 3 4 |  4.7
Fighting       | |  1.0
Dodging        | |  1.7

Action                     |  1- 3 |  4- 6 || total
---------------------------+-------+-------++-------
  Melee: Unarmed           |    56 |   158 ||   214
         Punch             |     2 |     7 ||     9
         Headbutt          |       |     6 ||     6
    Use: Scroll            |     2 |     2 ||     4
         Potion            |       |     7 ||     7
   Stab: Sleeping          |       |     1 ||     1
 Armour: Animal skin       |     5 |    24 ||    29
         Skin              |       |     1 ||     1
  Dodge: Dodged            |    28 |    56 ||    84
  Block: Other             |     8 |    20 ||    28

Illustrated notes

Table legend:
 A = Kills in this place as a percentage of kills in the entire game.
 B = Kills by you in this place as a percentage of kills by you in the entire game.
 C = Kills by friends in this place as a percentage of kills by friends in the entire game.
 D = Other kills in this place as a percentage of other kills in the entire game.
 E = Experience gained in this place as a percentage of experience gained in the entire game.
 F = Experience gained in this place divided by the number of levels of this place that you have seen.
                   A       B       C       D       E      F
               +-------+-------+-------+-------+-------+----------------------
         Total | 100.0 | 100.0 |   N/A |   N/A | 100.0 | 118.7
       Dungeon | 100.0 | 100.0 |   N/A |   N/A | 100.0 | 118.7
               +-------+-------+-------+-------+-------+----------------------

Table legend: (Time is in decaauts)
 A = Elapsed time spent in this place.
 B = Non-inter-level travel time spent in this place.
 C = Inter-level travel time spent in this place.
 D = Time resting spent in this place.
 E = Time spent auto-exploring this place.
 F = Levels seen in this place.
 G = Mean time per level.
                   A        B        C        D        E       F      G
               +--------+--------+--------+--------+--------+-----+--------+
         Total |   4456 |   4291 |    165 |    105 |   3666 |   6 |  742.7 |
       Dungeon |   4456 |   4291 |    165 |    105 |   3666 |   6 |  742.7 |
               +--------+--------+--------+--------+--------+-----+--------+

Top non-repeatable levels by time:
     D:4: 1403 daAuts
     D:3: 1043 daAuts
     D:2: 1026 daAuts
     D:1: 637 daAuts
     D:6: 342 daAuts
     D:5: 2 daAuts
